 Dungeon Sprint DCSS version 0.31-a0-7-g51783674b7 (webtiles) character file.

Game seed: 14884669521249458721

8817 sircluck the Brawler (level 11, -16/119 HPs)
             Began as a Troll Berserker on May 5, 2023.
             Was the Champion of Trog.
             Demolished by a catoblepas (23 damage)
             ... in the Dungeon (Sprint IX: "|||||||||||||||||||||||||||||").
             The game lasted 00:03:15 (1006 turns).

sircluck the Brawler (Troll Berserker)              Turns: 1006, Time: 00:03:16

Health: -16/119    AC:  4    Str: 31    XL:     11   Next: 14%
Magic:  10/10      EV: 17    Int:  3    God:    Trog [******]
Gold:   0          SH:  0    Dex:  9    Spells: 10/10 levels left

rFire   . .          .
                       - Unarmed
rCold   . . .        (no shield)
rNeg    . . .        a - +0 animal skin
rPois   .            (helmet restricted)
rElec   .            (no cloak)
rCorr   .            (gloves unavailable)
SInv    .            (boots unavailable)
Will    .....        (no amulet)
Stlth   ++           j - +2 ring of evasion
HPRegen 1.19/turn    k - +2 ring of evasion
MPRegen 0.12/turn

%: no teleportation
@: no status effects
A: large, unfitting armour, claws 3, regeneration 1, shaggy fur 1, tough skin 1
a: Renounce Religion, Berserk, Trog's Hand, Brothers in Arms


You were in the Dungeon.
You worshipped Trog.
Trog was exalted by your worship.
You visited 1 branch

Inventory:

Hand Weapons
 g - a +0 giant club
Missiles
 n - 5 poisoned darts (quivered)
Armour
 a - a +0 animal skin (worn)
Jewellery
 j - a +2 ring of evasion (left claw)
 k - a +2 ring of evasion (right claw)
 m - a +6 ring of dexterity
Wands
 i - a wand of acid (10)
Scrolls
 o - 2 scrolls of fog
 p - a scroll of identify
 q - 6 scrolls of enchant armour
Potions
 b - 6 potions of curing
 c - a potion of heal wounds
 d - a potion of haste
 e - 4 potions of magic
 f - a potion of berserk rage
 h - a potion of invisibility
 l - a potion of might


   Skills:
 + Level 10.3 Fighting
 + Level 12.6 Dodging
 + Level 2.9 Stealth
 + Level 19.5 Unarmed Combat


You had 10 spell levels left.
You didn't know any spells.
Your spell library was empty.

Dungeon Overview and Level Annotations

Branches:
Dungeon (1/1)

Altars:
Cheibriados
Dithmenos
Elyvilon
Fedhas
Gozag
Hepliaklqana
Kikubaaqudgha
Makhleb
Nemelex Xobeh
Okawaru
Qazlal
Ru
Sif Muna
Trog
Uskayaw
Vehumet
Wu Jian
Xom
Yredelemnul
Zin
The Shining One
Jiyva
Lugonu


Innate Abilities, Weirdness & Mutations

You are too large for most types of armour.
You have claws for hands.
Your natural rate of healing is unusually fast.
You are covered in fur. (AC +1)
You have tough skin. (AC +1)


Message History

The catoblepas is lightly wounded.
You are engulfed in calcifying dust.
The catoblepas breathes a plume of calcifying dust at you.
The blast of calcifying dust hits you.
You mangle the catoblepas!!
The catoblepas is moderately wounded.
You are engulfed in calcifying dust.
You are slowing down.
The catoblepas gores you!!
* * * LOW HITPOINT WARNING * * *
You feel much better.
You are engulfed in calcifying dust.
The catoblepas closely misses you.
Your limbs are stiffening.
You feel much better.
You are engulfed in calcifying dust.
Your limbs have turned to stone.
The catoblepas barely misses you. The catoblepas gores you!
You have turned to stone.
You are engulfed in calcifying dust.
The catoblepas gores you!
The catoblepas breathes a plume of calcifying dust at you.
The blast of calcifying dust hits you!
You are engulfed in calcifying dust.
The catoblepas gores you!
You are engulfed in calcifying dust.
The catoblepas gores you!
You are engulfed in calcifying dust.
The catoblepas barely misses you.
You are engulfed in calcifying dust.
The catoblepas gores you!!
You are engulfed in calcifying dust.
The catoblepas gores you!
You are engulfed in calcifying dust.
The catoblepas gores you.
* * * LOW HITPOINT WARNING * * *
The catoblepas gores you!!
* * * LOW HITPOINT WARNING * * *
The catoblepas gores you.
* * * LOW HITPOINT WARNING * * *
You turn to flesh and can move again.
You mangle the catoblepas!!
The catoblepas is severely wounded.
You claw the catoblepas!
The catoblepas is almost dead.
The catoblepas gores you!!
* * * LOW HITPOINT WARNING * * *
You scratch the catoblepas.
The catoblepas is almost dead.
The catoblepas gores you!!
You die...

▓.▓.▓.▓
▓.▓.▓)▓
▓.▓.▓?▓
▓.▓.▓)▓
▓†▓.▓)▓
▓Y▓.▓_▓
▓Y▓.▓_▓
▓Y▓.▓_▓
▓@▓.▓_▓
▓.▓.▓_▓
▓.▓.▓_▓
▓.▓.▓_▓
▓†▓.▓_▓
▓†▓.▓_▓
▓'▓.▓_▓
▓.▓.▓_▓
▓.▓.▓_▓


You could see a death yak, a catoblepas and a yak.

Vanquished Creatures
  2 death yaks (D)
  A two-headed ogre (D)
  A skyshark (D)
  A fire crab (D)
  An ugly thing (D)
  2 cane toads (D)
  An unseen horror (D)
  A rime drake (D)
  A kobold demonologist (D)
  A troll (D)
  A polar bear (D)
  2 wyverns (D)
  2 basilisks (D)
  3 vampire mosquitoes (D)
  4 water moccasins (D)
  An acid dragon (D)
  An orc warrior (D)
  A wolf (D)
  3 bullfrogs (D)
  A scorpion (D)
  A killer bee (D)
  A hound (D)
  An iguana (D)
  An orc wizard (D)
  An adder (D)
  A dart slug (D)
  An orc (D)
  A ball python (D)
  An endoplasm (D)
  A giant cockroach (D)
  A rat (D)
42 creatures vanquished.

Vanquished Creatures (collateral kills)
  2 catoblepae (D)
  A death yak (D)
3 creatures vanquished.

Grand Total: 45 creatures vanquished

Notes
Turn   | Place    | Note
-------+----------+-------------------------------------------
     0 | D        | sircluck the Troll Berserker began the quest for the Orb.
     0 | D        | Reached XP level 1. HP: 22/22 MP: 0/0
     9 | D        | Reached ** piety under Trog
    20 | D        | Noticed a hound
    20 | D        | Noticed a scorpion
    20 | D        | Noticed an iguana
    23 | D        | Reached XP level 2. HP: 31/31 MP: 1/1
    27 | D        | Reached *** piety under Trog
    28 | D        | Reached skill level 4 in Unarmed Combat
    28 | D        | Reached XP level 3. HP: 31/39 MP: 2/2
    29 | D        | Reached skill level 5 in Unarmed Combat
    35 | D        | Killed a scorpion
    36 | D        | Reached skill level 5 in Dodging
    36 | D        | Reached skill level 6 in Unarmed Combat
    36 | D        | Reached XP level 4. HP: 32/49 MP: 3/3
    37 | D        | Reached skill level 5 in Fighting
    37 | D        | Reached XP level 5. HP: 38/57 MP: 4/4
    42 | D        | Found a snail-covered altar of Cheibriados.
    42 | D        | Found a shadowy altar of Dithmenos.
    42 | D        | Found a white marble altar of Elyvilon.
    42 | D        | Found a blossoming altar of Fedhas.
    42 | D        | Found an opulent altar of Gozag.
    43 | D        | Found a hazy altar of Hepliaklqana.
    44 | D        | Found a viscous altar of Jiyva.
    45 | D        | Found an ancient bone altar of Kikubaaqudgha.
    46 | D        | Found a corrupted altar of Lugonu.
    47 | D        | Found a burning altar of Makhleb.
    48 | D        | Found a sparkling altar of Nemelex Xobeh.
    49 | D        | Found an iron altar of Okawaru.
    50 | D        | Found a stormy altar of Qazlal.
    51 | D        | Found a sacrificial altar of Ru.
    52 | D        | Found a shimmering blue altar of Sif Muna.
    53 | D        | Found a bloodstained altar of Trog.
    54 | D        | Found a hide-covered altar of Uskayaw.
    55 | D        | Found a radiant altar of Vehumet.
    56 | D        | Found an ornate altar of the Wu Jian Council.
    57 | D        | Found a shimmering altar of Xom.
    58 | D        | Found a basalt altar of Yredelemnul.
    59 | D        | Found a glowing silver altar of Zin.
    60 | D        | Found a glowing golden altar of the Shining One.
    86 | D        | Noticed a troll
    86 | D        | Noticed a kobold demonologist
    86 | D        | Noticed an orc warrior
    86 | D        | Noticed an acid dragon
   147 | D        | Killed an acid dragon
   147 | D        | Reached **** piety under Trog
   148 | D        | Reached skill level 8 in Unarmed Combat
   149 | D        | Killed an orc warrior
   150 | D        | Reached skill level 9 in Unarmed Combat
   150 | D        | Reached XP level 6. HP: 57/67 MP: 5/5
   166 | D        | Killed a kobold demonologist
   166 | D        | Reached ***** piety under Trog
   167 | D        | Reached skill level 10 in Unarmed Combat
   167 | D        | Reached XP level 7. HP: 62/78 MP: 6/6
   175 | D        | Killed a troll
   176 | D        | Reached skill level 11 in Unarmed Combat
   234 | D        | Noticed a two-headed ogre
   234 | D        | Noticed a vampire mosquito
   234 | D        | Noticed a vampire mosquito
   234 | D        | Noticed a vampire mosquito
   234 | D        | Noticed a brown ugly thing
   238 | D        | Killed a brown ugly thing
   239 | D        | Reached skill level 12 in Unarmed Combat
   239 | D        | Reached XP level 8. HP: 63/88 MP: 7/7
   243 | D        | Killed an unseen horror
   244 | D        | Reached skill level 13 in Unarmed Combat
   248 | D        | Reached skill level 10 in Dodging
   429 | D        | Received a gift from Trog
   430 | D        | Reached skill level 1 in Stealth
   430 | D        | Reached XP level 9. HP: 69/97 MP: 8/8
   432 | D        | Killed a two-headed ogre
   433 | D        | Reached skill level 14 in Unarmed Combat
   756 | D        | Noticed a polar bear
   764 | D        | Killed a polar bear
   765 | D        | Reached skill level 15 in Unarmed Combat
   777 | D        | Reached ****** piety under Trog
   779 | D        | Received a gift from Trog
   815 | D        | Noticed a cane toad
   815 | D        | Noticed a skyshark
   816 | D        | Noticed a rime drake
   819 | D        | Reached skill level 16 in Unarmed Combat
   820 | D        | Noticed a fire crab
   821 | D        | Reached XP level 10. HP: 107/107 MP: 9/9
   823 | D        | Killed a skyshark
   823 | D        | Noticed a cane toad
   829 | D        | Killed a cane toad
   830 | D        | Reached skill level 17 in Unarmed Combat
   835 | D        | Killed a fire crab
   842 | D        | Killed a cane toad
   928 | D        | Noticed a catoblepas
   928 | D        | Noticed a death yak
   928 | D        | Noticed a catoblepas
   928 | D        | Noticed a catoblepas
   928 | D        | Noticed a death yak
   928 | D        | Noticed a death yak
   930 | D        | Noticed a death yak
   934 | D        | Killed a death yak
   934 | D        | Received a gift from Trog
   935 | D        | Reached skill level 10 in Fighting
   935 | D        | Reached skill level 18 in Unarmed Combat
   940 | D        | Killed a death yak
   951 | D        | Killed a catoblepas
   969 | D        | Killed a catoblepas
   970 | D        | Reached skill level 19 in Unarmed Combat
   970 | D        | Reached XP level 11. HP: 72/118 MP: 10/10
   970 | D        | Killed a death yak
  1006 | D        | Demolished by a catoblepas

Illustrated notes

Levels and vault maps discovered:
D:        linesprint [early_d, line_temple, items_1, d_10, items_2, lair_1,
          lair_end, items_3, orc_1, orc_end, items_4, d_15, swamp_1, shoals_1,
          snake_1, spider_1, d_20, vaults_1, items_5, swamp_end, shoals_end,
          snake_end, spider_end, vaults_end, d_27, items_6, zot_1, zot_end,
          crypt_end, forest_end, elf_end, slime_end, tomb_end, abyss_end,
          pan_hell_end]

Skill      XL: |  1  2  3  4  5  6  7  8  9 10 |
---------------+-------------------------------+-----
Fighting       | 3 4 5 6 7 8 9 10 | 10.3
Dodging        | 3 5 6 8 9 10 11 12 | 12.6
Unarmed Combat | 4 6 9 10 12 13 16 19 | 19.5
Stealth        | 1 2 |  2.9

Action                     |  1- 3 |  4- 6 |  7- 9 | 10-12 || total
---------------------------+-------+-------+-------+-------++-------
  Melee: Unarmed           |    24 |    31 |    76 |    39 ||   170
         Punch             |     2 |     2 |     5 |     4 ||    13
 Invoke: Brothers in Arms  |       |       |       |     1 ||     1
    Use: Scroll            |       |     1 |     1 |       ||     2
         Potion            |       |     1 |       |     5 ||     6
   Stab: Petrifying        |       |       |       |     1 ||     1
         Petrified         |       |       |       |     1 ||     1
 Armour: Animal skin       |     2 |     8 |     8 |     4 ||    22
  Dodge: Dodged            |    11 |    10 |    51 |    14 ||    86

Table legend: (Time is in decaauts)
 A = Elapsed time spent in this place.
 B = Non-inter-level travel time spent in this place.
 C = Inter-level travel time spent in this place.
 D = Time resting spent in this place.
 E = Time spent auto-exploring this place.
 F = Levels seen in this place.
 G = Mean time per level.
                   A        B        C        D        E       F      G
               +--------+--------+--------+--------+--------+-----+--------+
         Total |    971 |    883 |     88 |    201 |    386 |   1 |  971.0 |
       Dungeon |    971 |    883 |     88 |    201 |    386 |   1 |  971.0 |
               +--------+--------+--------+--------+--------+-----+--------+

Top non-repeatable levels by time:
       D: 971 daAuts
